 Dungeon Crawl Stone Soup version 0.23.2 (webtiles) character file.

Game seed: 8804416238126667385

2171 sagitran the Carver (level 9, -2/69 HPs)
             Began as a Demonspawn Chaos Knight on Apr 1, 2019.
             Was a Plaything of Xom.
             Slain by an orc warrior
             ... wielding a +0 flail
              (13 damage)
             ... on level 7 of the Dungeon on Apr 2, 2019.
             The game lasted 00:31:06 (4147 turns).

sagitran the Carver (Demonspawn Chaos Knight)       Turns: 4147, Time: 00:31:06

Health: -2/69      AC:  5    Str: 14    XL:     9   Next: 11%
Magic:  9/9        EV: 10    Int: 15    God:    Xom [.*....]
Gold:   335        SH:  0    Dex: 15    Spells: 8/8 levels left

rFire    . . .     SeeInvis .   a - +2 falchion (chaos)
rCold    . . .     Gourm    .   (no shield)
rNeg     . . .     Faith    .   b - +2 leather armour
rPois    .         Spirit   .   (helmet restricted)
rElec    .         Reflect  .   f - scarf {repulsion}
rCorr    +         Harm     .   (no gloves)
MR       .....                  (boots unavailable)
Stlth    ++........             s - amulet of regeneration
HPRegen  0.61/turn              i - -3 ring of evasion (curse)
MPRegen  0.11/turn              q - ring of resist corrosion

@: heavily drained, repel missiles
A: antennae 2, claws 1, talons 3, blurry vision 1, clever 1, powered by death 1
a: Renounce Religion


You were on level 7 of the Dungeon.
You worshipped Xom.
You were a plaything of Xom.
You were not hungry.

You visited 1 branch of the dungeon, and saw 7 of its levels.

You collected 335 gold pieces.

Inventory:

Hand Weapons
 a - a +2 falchion of chaos (weapon)
Missiles
 E - 6 javelins (quivered)
Armour
 b - a +2 leather armour (worn)
 e - a cursed +0 helmet
 f - a scarf of repulsion (worn)
Magical Staves
 B - an uncursed staff of conjuration {unknown}
Jewellery
 i - a cursed -3 ring of evasion (left claw)
 q - a ring of resist corrosion (right claw)
 s - an amulet of regeneration (around neck)
 A - an uncursed ring of resist corrosion
Wands
 h - a wand of random effects (29)
 o - a wand of flame (6)
Scrolls
 g - 3 scrolls of amnesia
 k - 3 scrolls of enchant armour
 n - 2 scrolls of fear
 t - 2 scrolls of noise
 u - a scroll of blinking
 w - a scroll of remove curse {unknown}
 x - a scroll of immolation {unknown}
 y - 3 scrolls of teleportation
Potions
 j - 5 potions of agility
 l - 3 potions of mutation
 m - a potion of berserk rage
 p - a potion of resistance {unknown}
 r - a potion of curing
 v - a potion of cancellation {unknown}
 z - a potion of flight
 C - a potion of lignification {unknown}
Comestibles
 c - 18 rations


   Skills:
 + Level 6.1(4.7) Fighting
 + Level 8.0(6.5) Long Blades
 + Level 4.2(2.9) Armour
 + Level 4.5(3.1) Dodging
 + Level 2.2(1.0) Stealth
 + Level 0.1(0.0) Evocations


You had 8 spell levels left.
You didn't know any spells.
Your spell library was empty.

Dungeon Overview and Level Annotations

Branches:
Dungeon (7/15)             Temple (0/1) D:4

Altars:
Dithmenos
Fedhas
Gozag
Makhleb
Okawaru
Uskayaw
Vehumet
Xom

Shops:
D:5 (   D:6 =


Innate Abilities, Weirdness & Mutations

You have a pair of antennae on your head.
You have sharp fingernails.
You have claws for feet.
You regenerate a little health from kills.
Scrolls take you a little longer to read.
Your mind is acute. (Int +2)


Message History

It was a potion of curing.
You feel better. The orc hits you but does no damage.
The bullfrog hits the orc.
Something hits the orc.
The orc warrior hits you with a +0 flail!
You closely miss the orc warrior.
The orc warrior is lightly wounded.
The bullfrog barely misses the orc.
The orc hits you.
You hit the orc warrior.
The orc warrior flickers and vanishes!
Deactivating autopickup; reactivate with Ctrl-A.
You claw something.
The bullfrog closely misses the orc.
Something hits you!
* * * LOW HITPOINT WARNING * * *
The orc barely misses you.
You riposte.
You hit the orc. Your kick misses the orc.
The orc is severely wounded.
You miss something. Your kick misses something. The orc barely misses you.
Something hits you!!
* * * LOW HITPOINT WARNING * * *
Xom roars with laughter!
You feel better. The orc barely misses you. Something hits you!
You die...

## ##.....## .#
#..#.......#..#
#..#.......#..
#......_.....
#..#.F.....#
#..#....F..# .#
#..##..o..# .##
#..####o####...##
#.....@{........#.
#.##########......
#.# ##.........
#.# #<.........
#.######..........
#.......#..##.#...
#######..### ####


You could see a bullfrog (confused) and 2 orcs.

Vanquished Creatures
  Grinder (D:4)
  Grum (D:5)
  A water moccasin (D:6)
  A black bear (D:7)
  An orc warrior (D:6)
  An ogre (D:4)
  A phantom (D:5)
  A wolf (D:5)
  A wyvern skeleton (D:6)
  4 wights
  3 crimson imps (D:5)
  A centaur zombie (D:5)
  A quasit (D:5)
  2 orc priests
  A jelly (D:6)
  2 orc wizards
  4 hounds
  An iguana (D:5)
  3 worker ants
  14 adders
  7 gnolls (D:5)
  2 shadow imps (D:5)
  An ooze (D:4)
  An adder zombie (D:6)
  A worm (D:4)
  5 dart slugs
  4 leopard geckos
  16 orcs
  8 bats
  7 giant cockroaches
  4 hobgoblins
  6 jackals
  9 kobolds
  3 quokkas
  A ball python (D:3)
  A ball python skeleton (D:4)
  5 frilled lizards
  4 goblins
  7 rats
137 creatures vanquished.

Vanquished Creatures (collateral kills)
  An ice beast (D:5)
  A wolf (D:5)
  A centaur (D:6)
  Blork the orc (D:6)
  2 hounds (D:5)
  A gnoll shaman (D:5)
  An orc wizard (D:6)
  A gnoll (D:5)
  5 orcs (D:6)
  A jackal (D:5)
  A quokka (D:6)
16 creatures vanquished.

Vanquished Creatures (others)
  An orc wizard (D:5)
  4 fungi (D:5)
5 creatures vanquished.

Grand Total: 158 creatures vanquished

Notes
Turn   | Place    | Note
-------+----------+-------------------------------------------
     0 | D:1      | sagitran the Demonspawn Chaos Knight began the quest for
                  | the Orb.
     0 | D:1      | Reached XP level 1. HP: 18/18 MP: 1/1
    68 | D:1      | XOM: potion effect (agility)
    72 | D:1      | Gained mutation: You have a pair of small antennae on your
                  | head. [demonic ancestry]
    72 | D:1      | Reached XP level 2. HP: 10/24 MP: 2/2
   107 | D:1      | Reached skill level 3 in Long Blades
   249 | D:1      | XOM: divination: detect creatures
   521 | D:2      | Reached skill level 1 in Dodging
   521 | D:2      | Reached XP level 3. HP: 25/29 MP: 3/3
   734 | D:2      | XOM: harmless Tloc miscast
  1113 | D:3      | Found an iron altar of Okawaru.
  1124 | D:3      | XOM: mild Tmut miscast
  1164 | D:3      | Gained mutation: You have sharp toenails. [demonic
                  | ancestry]
  1164 | D:3      | Reached XP level 4. HP: 36/37 MP: 4/4
  1227 | D:3      | XOM: noise
  1391 | D:3      | Gained mutation: You have sharp fingernails. [demonic
                  | ancestry]
  1391 | D:3      | Reached XP level 5. HP: 41/42 MP: 5/5
  1449 | D:3      | Reached skill level 4 in Long Blades
  1738 | D:4      | Noticed Edmund
  1759 | D:4      | Noticed Edmund
  1759 | D:4      | Edmund changed into Edmund the tengu
  1759 | D:4      | XOM: polymorph Edmund -> Edmund the tengu
  1774 | D:4      | Noticed Edmund
  1774 | D:4      | Edmund the tengu changed into Edmund the ogre
  1774 | D:4      | XOM: polymorph Edmund the tengu -> Edmund the ogre
  1782 | D:4      | XOM: confuse monster(s)
  1785 | D:4      | Killed Edmund the ogre
  1870 | D:4      | Gained mutation: You have a pair of antennae on your head.
                  | [demonic ancestry]
  1870 | D:4      | Reached XP level 6. HP: 48/48 MP: 6/6
  1899 | D:4      | Found a staircase to the Ecumenical Temple.
  1961 | D:4      | Noticed Grinder
  1971 | D:4      | Killed Grinder
  1971 | D:4      | Reached skill level 5 in Long Blades
  2141 | D:4      | XOM: give mutations
  2141 | D:4      | Gained mutation: You are clumsy. (Dex -2) [Xom's mischief]
  2141 | D:4      | Gained mutation: You are very clumsy. (Dex -4) [Xom's
                  | mischief]
  2141 | D:4      | Gained mutation: Scrolls take you a little longer to read.
                  | [Xom's mischief]
  2236 | D:4      | Found a hide-covered altar of Uskayaw.
  2387 | D:5      | Entered Level 5 of the Dungeon
  2399 | D:5      | Gained mutation: You have razor-sharp toenails. [demonic
                  | ancestry]
  2399 | D:5      | Reached XP level 7. HP: 44/55 MP: 7/7
  2402 | D:5      | XOM: scenery: 1 doors open
  2402 | D:5      | Found a burning altar of Makhleb.
  2403 | D:5      | Lost mutation: You are very clumsy. (Dex -4) [potion of
                  | mutation]
  2403 | D:5      | Lost mutation: You are clumsy. (Dex -2) [potion of
                  | mutation]
  2403 | D:5      | Lost mutation: Scrolls take you a little longer to read.
                  | [potion of mutation]
  2403 | D:5      | Gained mutation: Scrolls take you a little longer to read.
                  | [potion of mutation]
  2403 | D:5      | Gained mutation: Your mind is acute. (Int +2) [potion of
                  | mutation]
  2428 | D:5      | XOM: cast spell 'Dispersal'
  2453 | D:5      | Found Midghes's Antique Weapon Shop.
  2550 | D:5      | Found a radiant altar of Vehumet.
  2550 | D:5      | XOM: fog
  2625 | D:5      | Reached skill level 5 in Fighting
  2635 | D:5      | Found a blossoming altar of Fedhas.
  2657 | D:5      | XOM: god gift: 7 rations
  2672 | D:5      | Found an opulent altar of Gozag.
  2732 | D:5      | XOM: destruction
  2744 | D:5      | XOM: summons 7 friendly demons
  2750 | D:5      | Reached skill level 6 in Long Blades
  2906 | D:5      | XOM: cleaving
  2907 | D:5      | XOM: confuse monster(s)
  2912 | D:5      | Gained mutation: You regenerate a little health from kills.
                  | [demonic ancestry]
  2912 | D:5      | Reached XP level 8. HP: 50/62 MP: 8/8
  2913 | D:5      | Reached skill level 1 in Stealth
  2917 | D:5      | Noticed Grum
  2924 | D:5      | Killed Grum
  2948 | D:5      | Reached skill level 7 in Long Blades
  3033 | D:5      | XOM: god gift: whip {god gift}
  3417 | D:6      | XOM: smoke on damage
  3520 | D:6      | XOM: harmless Ice miscast
  3541 | D:6      | Found Gor Aneps's Jewellery Shoppe.
  3658 | D:6      | XOM: scenery: create altars
  3816 | D:6      | Noticed Blork the orc
  3819 | D:6      | Killed Blork the orc
  3988 | D:6      | Gained mutation: You have claws for feet. [demonic
                  | ancestry]
  3988 | D:6      | Reached XP level 9. HP: 32/69 MP: 9/9
  4114 | D:7      | Reached skill level 8 in Long Blades
  4130 | D:7      | Found a shadowy altar of Dithmenos.
  4135 | D:7      | XOM: confusion (+ monsters)
  4146 | D:7      | HP: 2/69 [something (18)]
  4147 | D:7      | Slain by an orc warrior

Skill      XL: |  1  2  3  4  5  6  7  8  9 |
---------------+----------------------------+-----
Armour         | 2 3 4 |  4.2
Long Blades    | 3 4 5 6 7 8 |  8.0
Dodging        | 1 2 3 4 |  4.5
Fighting       | 4 5 6 |  6.1
Stealth        | 2 |  2.2
Evocations     | |  0.1

Action                   |  1- 3 |  4- 6 |  7- 9 || total
-------------------------+-------+-------+-------++-------
Melee: Falchion          |    95 |   119 |   232 ||   446
       Kick              |       |    34 |    67 ||   101
Evoke: Wand              |       |       |     2 ||     2
  Use: Scroll            |     7 |     2 |     1 ||    10
       Potion            |       |     3 |     9 ||    12
 Stab: Petrifying        |     1 |       |     1 ||     2
       Confused          |       |       |     1 ||     1
       Sleeping          |       |       |     1 ||     1
  Eat: Chunk             |     1 |     1 |     2 ||     4
       Ration            |       |     1 |     1 ||     2
Armor: Leather armour    |    47 |    50 |    79 ||   176
Dodge: Dodged            |    63 |    59 |   132 ||   254
       Deflected         |       |       |     4 ||     4
       Rpst.: Falchion   |    28 |    14 |    25 ||    67
